 Dungeon Crawl Stone Soup version 0.17.1-2-g5865329 (webtiles) character file.

6948 MirrMurr the Jinx (level 10, -6/44 HPs)
             Began as a Spriggan Enchanter on Jan 16, 2016.
             Was a Follower of Ashenzari.
             Mangled by a deep elf knight
             ... wielding a +0 short sword
              (18 damage)
             ... in a bailey.
             The game lasted 00:22:31 (8849 turns).

MirrMurr the Jinx (Spriggan Enchanter)              Turns: 8849, Time: 00:22:31

Health: -6/44      AC:  6    Str:  4    XL:     10   Next: 80%
Magic:  17/35      EV: 18    Int: 23    God:    Ashenzari [*.....]
Gold:   477        SH:  0    Dex: 18    Spells: 5 memorised, 19 levels left

rFire  . . .     SeeInvis +     v - +0 dagger (venom)
rCold  . . .     Clarity  .     b - +1 robe
rNeg   . . .     SustAt   .     (shield restricted)
rPois  +         Gourm    .     (helmet restricted)
rElec  .         Spirit   .     z - +2 cloak {rPois} (curse)
rCorr  .         Warding  .     (gloves unavailable)
rMut   .         Stasis   .     (boots unavailable)
MR     +....                    (no amulet)
Stlth  ++++++....               y - ring of magical power
                                l - +4 ring of intelligence (curse)

@: very quick, somewhat resistant to hostile enchantments, very stealthy
A: unfitting armour, see invisible, herbivore 3, speed 3, slow metabolism 2
a: Scrying, Renounce Religion


You were in a bailey.
You worshipped Ashenzari.
Ashenzari was aware of your devotion.
You were full.

You visited 2 branches of the dungeon, and saw 10 of its levels.
You also visited: Bailey.

You collected 477 gold pieces.

Inventory:

Hand Weapons
 a - a +2 dagger
 v - a +0 dagger of venom (weapon)
Missiles
 h - 154 stones (quivered)
 i - 45 poisoned needles
 I - 8 needles of confusion
Armour
 b - a +1 robe (worn)
 z - a cursed +2 cloak of poison resistance (worn)
Jewellery
 l - a cursed +4 ring of intelligence (left hand)
 y - a ring of magical power (right hand)
 J - an uncursed amulet of rage
Wands
 q - a wand of invisibility (3)
 w - a wand of polymorph (22)
Scrolls
 s - a scroll of recharging
 x - a scroll of fear
 A - 3 scrolls of curse armour
 B - a scroll of enchant weapon
 C - a scroll of remove curse
 D - a scroll of curse jewellery
 F - 2 scrolls of teleportation
 G - a scroll of magic mapping
 M - a scroll of random uselessness {unknown}
Potions
 e - 3 potions of curing
 f - 5 potions of agility
 g - a potion of brilliance
 j - a potion of invisibility
 k - 2 potions of haste
 p - 4 potions of might {unknown}
 r - a potion of degeneration {unknown}
 u - a potion of flight {unknown}
 E - a potion of cancellation {unknown}
 K - a potion of lignification {unknown}
Books
 c - a book of Maledictions

   Spells                             Type                      Level
   a - Corona                         Hexes                        1
   b - Ensorcelled Hibernation        Hexes/Ice                    2
   c - Confuse                        Hexes                        3
   d - Tukima's Dance                 Hexes                        3
   e - Dazzling Spray                 Conjuration/Hexes            3
 o - a book of Changes

   Spells                             Type                      Level
   a - Beastly Appendage              Transmutation                1
   b - Sticks to Snakes               Transmutation                2
   c - Spider Form                    Transmutation/Poison         3
   d - Ice Form                       Ice/Transmutation            4
   e - Blade Hands                    Transmutation                5
 t - a book of Frost

   Spells                             Type                      Level
   a - Freeze                         Ice                          1
   b - Throw Frost                    Conjuration/Ice              2
   c - Ozocubu's Armour               Charms/Ice                   3
   d - Throw Icicle                   Conjuration/Ice              4
   e - Summon Ice Beast               Ice/Summoning                4
   f - Condensation Shield            Ice                          4
Comestibles
 d - 10 bread rations
 H - 9 fruits


   Skills:
 - Level 1.1 Short Blades
 - Level 3.0 Dodging
 - Level 12.7 Stealth
 + Level 11.3 Spellcasting
 * Level 13.3 Hexes


You had 19 spell levels left.
You knew the following spells:

 Your Spells              Type           Power        Failure   Level  Hunger
a - Ensorcelled Hibernat  Hex/Ice        #####.       1%          2    None
b - Confuse               Hex            ######..     1%          3    None
c - Corona                Hex            ######.      1%          1    None
d - Dazzling Spray        Conj/Hex       #####...     1%          3    None
o - Ozocubu's Armour      Chrm/Ice       ##......     17%         3    None


Dungeon Overview and Level Annotations

Branches:
Dungeon (9/15)             Temple (1/1) D:4
   Lair: D:8-11         Orc: D:9-12

Altars:
Ashenzari
Cheibriados
Dithmenos
Elyvilon
Fedhas
Gozag
Kikubaaqudgha
Makhleb
Nemelex Xobeh
Okawaru
Ru
Sif Muna
Trog
Vehumet
Xom
Yredelemnul
The Shining One

Shops:
D:7 [


Innate Abilities, Weirdness & Mutations

You are tiny and cannot use many weapons and most armour.
You have supernaturally acute eyesight.
You are a herbivore.
You cover ground extremely quickly.
You need consume almost no food.


Message History

Casting: Confuse
Confirm with . or Enter, or press ? or * to list all spells.
Aiming: Confuse
Press: ? - help, Shift-Dir - straight line, f/p - deep elf knight
Aim: a deep elf knight, wielding a short sword and wearing a leather armour (covering ground quickly, chance to defeat MR: 28%)
The deep elf knight easily resists.
The deep elf knight barely misses you.
Casting: Confuse
Confirm with . or Enter, or press ? or * to list all spells.
Aiming: Confuse
Press: ? - help, Shift-Dir - straight line, f/p - deep elf knight
Aim: a deep elf knight, wielding a short sword and wearing a leather armour (covering ground quickly, chance to defeat MR: 28%)
The deep elf knight easily resists.
Casting: Confuse
Confirm with . or Enter, or press ? or * to list all spells.
Aiming: Confuse
Press: ? - help, Shift-Dir - straight line, f/p - deep elf knight
Aim: a deep elf knight, wielding a short sword and wearing a leather armour (covering ground quickly, chance to defeat MR: 28%)
The deep elf knight easily resists.
The deep elf knight hits you with a short sword!!
You die...

###...###...##'#
#.(...#.....##.
#..∩..#.....#..
#.....#.....#..
##...(#....###. ##+#
#####)##### #'
##..###....#)...###)
#.e..#.....#.)...#..
#..@.#.....#.....#..
##..##.....#.....##.
###§##...###...####
##..#####'###..##
#....##...##....#
#....#.....#....#
##..##..∩..##..##
######...######
#####


You could see a deep elf knight.

Vanquished Creatures
  The ghost of Clownie the Blocker, a novice FoFi of the Shining One (D:7)
  Pikel (D:7)
  A cyclops (D:7)
  Joseph (D:9)
  A kobold demonologist (D:7)
  2 deep elf priests (Bailey)
  Grinder (D:5)
  Sigmund (D:2)
  A yak (D:7)
  A wyvern (D:8)
  2 deep elf magi (Bailey)
  A hippogriff (D:7)
  A hungry ghost (D:7)
  5 deep elf fighters (Bailey)
  Edmund (D:6)
  A sky beast (D:8)
  A water moccasin (D:8)
  Duvessa (D:5)
  An orc warrior (D:7)
  An ice beast (D:5)
  6 ogres
  A necrophage (D:8)
  A phantom (D:9)
  Dowan (D:5)
  A giant frog (D:8)
  A wyvern skeleton (D:7)
  4 scorpions
  3 killer bees
  3 wights (D:8)
  2 crimson imps (D:7)
  A giant frog zombie (D:7)
  2 hounds
  3 giant frog skeletons
  Crazy Yiuf (D:5)
  2 iguanas (D:7)
  2 orc priests (D:5)
  A jelly (D:8)
  A centaur skeleton (D:8)
  7 orc wizards
  5 worker ants
  6 adders
  7 gnolls
  2 shadow imps
  2 adder skeletons
  3 worms
  A giant gecko (D:5)
  22 orcs
  11 bats
  13 goblins
  7 hobgoblins
  13 jackals
  5 quokkas
  2 ball pythons
  A ball python skeleton (D:4)
  4 giant cockroaches
  8 giant newts
  A jackal skeleton (D:4)
  4 kobolds
  8 rats
194 creatures vanquished.

Vanquished Creatures (others)
  2 slaves (D:7)
  A big kobold (D:7)
  A centaur zombie (D:7)
  4 kobolds (D:7)
8 creatures vanquished.

Grand Total: 202 creatures vanquished

Notes
Turn   | Place    | Note
--------------------------------------------------------------
     0 | D:1      | MirrMurr the Spriggan Enchanter began the quest for the Orb.
     0 | D:1      | Reached XP level 1. HP: 9/9 MP: 5/5
   125 | D:1      | Reached skill level 5 in Stealth
   251 | D:1      | Reached XP level 2. HP: 13/13 MP: 6/6
   255 | D:1      | Learned a level 2 spell: Ensorcelled Hibernation
   323 | D:1      | Reached skill level 6 in Stealth
   636 | D:2      | Reached XP level 3. HP: 16/16 MP: 8/8
   925 | D:2      | Noticed Sigmund
   945 | D:2      | Reached skill level 7 in Stealth
  1553 | D:2      | Killed Sigmund
  1553 | D:2      | Reached skill level 9 in Stealth
  1553 | D:2      | Reached XP level 4. HP: 14/21 MP: 9/11
  1553 | D:2      | Reached XP level 5. HP: 16/24 MP: 9/12
  1558 | D:2      | Learned a level 3 spell: Confuse
  1562 | D:2      | Learned a level 3 spell: Dazzling Spray
  1884 | D:3      | You fall through a shaft for 2 floors!
  1884 | D:5      | Entered Level 5 of the Dungeon
  2056 | D:4      | Noticed an ogre
  2066 | D:4      | Killed an ogre
  2066 | D:4      | Reached XP level 6. HP: 28/28 MP: 8/14
  2243 | D:4      | Found a staircase to the Ecumenical Temple.
  2254 | Temple   | Entered the Ecumenical Temple
  2329 | Temple   | Became a worshipper of Ashenzari the Shackled
  2870 | D:3      | Reached skill level 10 in Stealth
  3311 | D:4      | Noticed an ogre
  3325 | D:4      | Killed an ogre
  3325 | D:4      | Reached skill level 5 in Spellcasting
  3333 | D:4      | Learned a level 3 spell: Ozocubu's Armour
  3419 | D:4      | Reached XP level 7. HP: 21/32 MP: 3/15
  3544 | D:4      | Found a snail-covered altar of Cheibriados.
  3606 | D:4      | Noticed an ogre
  3612 | D:4      | Killed an ogre
  3612 | D:4      | Reached skill level 11 in Stealth
  4192 | D:5      | Noticed an ice beast
  4204 | D:5      | Killed an ice beast
  4204 | D:5      | Reached skill level 12 in Stealth
  4385 | D:5      | Noticed Crazy Yiuf
  4399 | D:5      | Killed Crazy Yiuf
  4425 | D:5      | Noticed Grinder
  4427 | D:5      | Killed Grinder
  4427 | D:5      | Reached XP level 8. HP: 36/36 MP: 11/19
  4792 | D:5      | Noticed Dowan
  4793 | D:5      | Noticed Duvessa
  4814 | D:5      | Killed Duvessa
  5057 | D:5      | Killed Dowan
  5361 | D:6      | Reached skill level 5 in Hexes
  5536 | D:6      | Reached * piety under Ashenzari
  5645 | D:6      | Noticed Edmund
  5649 | D:6      | Killed Edmund
  5899 | D:6      | Found a sparkling altar of Nemelex Xobeh.
  6009 | D:7      | Found a blossoming altar of Fedhas.
  6057 | D:7      | Noticed a cyclops
  6126 | D:7      | Noticed a kobold demonologist
  6147 | D:7      | Killed a kobold demonologist
  6147 | D:7      | Reached XP level 9. HP: 39/39 MP: 22/22
  6196 | D:7      | Found a shimmering altar of Xom.
  6220 | D:7      | Noticed Pikel
  6230 | D:7      | Killed Pikel
  6459 | D:7      | Killed a cyclops
  6459 | D:7      | Reached skill level 10 in Hexes
  7175 | D:7      | Found Eskugumo's Armour Emporium.
  7224 | D:7      | Found a glowing golden altar of the Shining One.
  7228 | D:7      | Found a sacrificial altar of Ru.
  7228 | D:7      | Found an ancient bone altar of Kikubaaqudgha.
  7232 | D:7      | Noticed Clownie's ghost (novice FoFi)
  7256 | D:7      | Killed Clownie's ghost
  7256 | D:7      | Reached skill level 10 in Spellcasting
  7256 | D:7      | Reached XP level 10. HP: 44/44 MP: 25/25
  8205 | D:9      | Noticed Joseph
  8221 | D:9      | Killed Joseph
  8309 | D:9      | Found a flagged portal.
  8319 | Bailey   | Entered a bailey
  8618 | Bailey   | Reached skill level 13 in Hexes
  8839 | Bailey   | Noticed a deep elf knight
  8849 | Bailey   | Mangled by a deep elf knight

Action                   |  1- 3 |  4- 6 |  7- 9 | 10-12 || total
-------------------------+-------+-------+-------+-------++-------
Melee: Dagger            |    89 |    96 |   223 |   100 ||   508
Throw: Stone             |     3 |       |       |       ||     3
 Cast: Ensorcelled Hiber |     6 |    17 |    32 |    28 ||    83
       Dazzling Spray    |       |     4 |    17 |     9 ||    30
       Confuse           |       |     1 |    16 |    24 ||    41
  Use: Scroll            |     4 |     4 |    14 |     2 ||    24
       Potion            |       |       |       |     1 ||     1
 Stab: Sleeping          |    20 |    17 |    33 |    21 ||    91
       Distracted        |       |     1 |     1 |       ||     2
       Confused          |       |       |    13 |    11 ||    24
       Invisible         |       |       |     3 |     1 ||     4
  Eat: Bread ration      |       |       |     1 |     1 ||     2
       Royal jelly       |       |       |     1 |       ||     1
       Fruit             |       |       |       |     1 ||     1
